 Dungeon Crawl Stone Soup version 0.17.2-1-ge4368a0 (webtiles) character file.

5 tidbits the Ducker (level 1, 9/9 HPs)
             Began as a Felid Chaos Knight on Sept 15, 2017.
             Quit the game on level 2 of the Dungeon.
             The game lasted 00:01:24 (181 turns).

tidbits the Ducker (Felid Chaos Knight)              Turns: 181, Time: 00:01:24

Health: 9/9        AC:  1    Str:  8    XL:     1   Next: 66%
Magic:  2/2        EV: 18    Int: 18    God:    Xom [..*...]
Gold:   8          SH:  0    Dex: 15    Spells: 0 memorised, 0 levels left
                                        Lives:  0   Deaths: 0

rFire  . . .     SeeInvis +       - Unarmed
rCold  . . .     Clarity  .     (armour unavailable)
rNeg   . . .     SustAt   .     (shield unavailable)
rPois  .         Gourm    .     (helmet unavailable)
rElec  .         Spirit   .     (cloak unavailable)
rCorr  .         Warding  .     (gloves unavailable)
rMut   .         Stasis   .     (boots unavailable)
MR     .....                    (no amulet)
Stlth  +++.......               (no ring)
                                (no ring)

@: brilliant, lethally poisoned (9 -> -1), quick, not resistant to hostile
enchantments, fairly stealthy
A: no armour, no weapons or thrown items, claws 1, fangs 3, horns 1, see
invisible, carnivore 3, deterioration 1, speed 1, frail 1, shaggy fur 1, slow
metabolism 1, sharp paws
a: Renounce Religion


You were on level 2 of the Dungeon.
You worshipped Xom.
You were a toy of Xom.
You were not hungry.

You visited 1 branch of the dungeon, and saw 2 of its levels.

You collected 8 gold pieces.

Inventory:

Scrolls
 b - a scroll of teleportation {unknown}
 c - a scroll of remove curse {unknown}
 e - 3 scrolls of amnesia {unknown}
Potions
 d - a potion of brilliance
 g - a potion of heal wounds
Comestibles
 a - a meat ration


   Skills:
 - Level 3.0 Fighting
 - Level 3.2 Dodging
 + Level 2.0 Stealth
 - Level 3.0 Unarmed Combat


You couldn't memorise any spells.
You didn't know any spells.

Dungeon Overview and Level Annotations

Branches:
Dungeon (2/15)

Altars:


Innate Abilities, Weirdness & Mutations

You cannot wear armour.
You are incapable of wielding weapons or throwing items.
You have sharp claws.
You have razor-sharp teeth.
You have supernaturally acute eyesight.
You are carnivorous and can eat meat at any time.
You cover ground quickly.
You are covered in fur (AC +1).
You have a slow metabolism.
Your sharp claws are effective at attacking unaware monsters.
You have a pair of small horns on your head.
Your body sometimes deteriorates upon taking damage.
You are frail (-10% HP).


Message History

The rat is heavily wounded.
You scratch the rat.
You kill the rat!
You open the door. You open the door.
A rat comes into view.
There is an open door here.
The helpless rat fails to defend itself.
You claw the rat!
You kill the rat!
Your Stealth skill increases to level 1!
As you open the door, it creaks loudly!
You open the door.
A rat comes into view.
You scratch the rat.
You kill the rat!
You open the door.
Xom's attention almost turns to you for a moment.
You hear a distant rumble.
There is a staircase leading out of the dungeon here.
As you open the door, it creaks loudly!
A giant cockroach comes into view.
Found a scroll labeled GAELEU GAMER.
You scratch the giant cockroach but do no damage.
The giant cockroach completely misses you.
You claw the giant cockroach!
You kill the giant cockroach!
There is an open door here.
b - a scroll labeled GAELEU GAMER
There is an open door here.
You open the door. You open the door. You open the door. You open the door.
As you open the door, it creaks loudly! As you open the door, it creaks loudly!
There is an open door here.
You see here 23 stones.
Found a stone staircase leading down.
Found a pair of boots and 8 gold pieces.
Found a scroll labeled CAITIFF REORE.
c - a scroll labeled CAITIFF REORE
There is a stone staircase leading down here.
Found 2 purple potions.
You now have 8 gold pieces.
d - 2 purple potions A kobold comes into view.
It is wielding a dagger.
Found four items.
The helpless kobold fails to defend itself.
You claw the kobold!
You kill the kobold!
Your Stealth skill increases to level 2!
Things that are here:
a dagger; a kobold corpse
e - 3 scrolls labeled NAEMOUVURUK
Found 10 poisoned needles.
f - a puce potion
There is a stone staircase leading down here.
You climb downwards.
Found a scroll labeled YDOUHO CANUINN.
There is a stone staircase leading up here.
A worm comes into view.
Found 2 viscous green potions and a meat ration.
g - 2 viscous green potions An adder comes into view.
Found an emerald ring.
You see here an emerald ring.
The adder bites you.
Ouch! That really hurt!
* * * LOW HITPOINT WARNING * * *
A shower of butterflies erupts from you!
You are lethally poisoned!
The adder poisons you!
You scratch the adder.
The adder is lightly wounded.
* * * LOW HITPOINT WARNING * * *
You feel sick. The adder closely misses you.
Drink which item? (? for menu, Esc to quit)
Okay, then.
You swap places.
The adder closely misses your butterfly.
You see here an emerald ring.
Drink which item? (? for menu, Esc to quit)
It was a potion of brilliance.
You feel clever all of a sudden.
* * * LOW HITPOINT WARNING * * *
You feel sick. The adder misses your butterfly.
The adder completely misses your butterfly.
Drink which item? (? for menu, Esc to quit)
It was a potion of heal wounds.
You feel much better. The adder bites your butterfly.
Your butterfly dies!
Drink which item? (? for menu, Esc to quit)
It was a potion of mutation.
You feel extremely strange. A pair of horns grows on your head!
You feel frail.
You feel yourself wasting away.
You swap places.
The adder bites your butterfly.
Your butterfly dies!
Are you sure you want to abandon this character and quit the game? (Confirm with "yes".)

........####
#..........#
.###.#.##.#
#.#<.#.#
#b#..#.#
#.#..#.#
#S#..#.###
#=#..#...#
#@######.#
#........#
##########


You could see an adder.

Vanquished Creatures
  A giant cockroach (D:1)
  A kobold (D:1)
  4 rats (D:1)
6 creatures vanquished.

Notes
Turn   | Place    | Note
--------------------------------------------------------------
     0 | D:1      | tidbits the Felid Chaos Knight began the quest for the Orb.
     0 | D:1      | Reached XP level 1. HP: 10/10 MP: 2/2
    23 | D:1      | Reached skill level 1 in Stealth
    38 | D:1      | XOM: harmless Erth miscast
   129 | D:1      | Reached skill level 2 in Stealth
   174 | D:2      | XOM: butterfly on damage
   179 | D:2      | Gained mutation: You have a pair of small horns on your head. [potion of mutation]
   179 | D:2      | Gained mutation: You are frail (-10% HP). [potion of mutation]
   179 | D:2      | Gained mutation: Your body sometimes deteriorates upon taking damage. [potion of mutation]
   181 | D:2      | Quit the game

Action                   || total
-------------------------++-------
Melee: Unarmed           ||     9
  Use: Potion            ||     3
 Stab: Sleeping          ||     2
       Distracted        ||     1

Table legend:
 A = Turns spent in this place as a percentage of turns spent in the entire game.
 B = Non-inter-level travel turns spent in this place as a percentage of non-inter-level travel turns spent in the entire game.
 C = Inter-level travel turns spent in this place as a percentage of turns spent in this place.
 D = Turns resting spent in this place as a percentage of non-inter-level travel turns spent in this place.
 E = Turns spent auto-exploring this place as a percentage of non-inter-level travel turns spent in this place.
 F = Non-inter-level travel turns spent in this place divided by the number of levels of this place that you've seen.
                   A       B       C       D       E      F
               +-------+-------+-------+-------+-------+----------------------
         Total | 100.0 | 100.0 |   0.0 |   0.0 |   0.0 |  81.0
       Dungeon | 100.0 | 100.0 |   0.0 |   0.0 |   0.0 |  81.0
               +-------+-------+-------+-------+-------+----------------------

Table legend:
 A = Kills in this place as a percentage of kills in entire the game.
 B = Kills by you in this place as a percentage of kills by you in the entire game.
 C = Kills by friends in this place as a percentage of kills by friends in the entire game.
 D = Other kills in this place as a percentage of other kills in the entire game.
 E = Experience gained in this place as a percentage of experience gained in the entire game.
 F = Experience gained in this place divided by the number of levels of this place that you have seen.
                   A       B       C       D       E      F
               +-------+-------+-------+-------+-------+----------------------
         Total | 100.0 | 100.0 |  -nan |  -nan | 100.0 |   4.0
       Dungeon | 100.0 | 100.0 |  -nan |  -nan | 100.0 |   4.0
               +-------+-------+-------+-------+-------+----------------------

Vault maps used:
D:1:      onia_arrival_larder, minmay_misc_feat_iff, st_stairs_12
D:2:      minmay_misc_feat_square
